Map: [ESL] Ancient Cistern

Players

Clem - Winner!

  • Race: Terran Terran
  • League: Grandmaster
  • Spawn Location: 1:00

gumiho

  • Race: Terran Terran
  • Spawn Location: 7:00

Event: HomeStory Cup XXIII

VOD

Have the link to the VOD?

Description

Time

  • Played on: July 1, 2023, 10:11 a.m.
  • Length: 10:01

All games in this series

Show
View Real Time Build Order
Export as new Build Order

Clem Terran - Winner!

Build Orders:  

Get SALT Encoding   

  12  0:00  SCV  
  13  0:12  SCV  
  14  0:16  Supply Depot  
  14  0:24  SCV  
  15  0:38  SCV  
  15  0:39  Barracks  
  16  0:43  Refinery  
  16  0:50  SCV  
  17  0:58  Barracks  
  17  1:02  SCV  
  18  1:07  Refinery  
  18  1:14  SCV  
  19  1:26  Reaper, Supply Depot  
  20  1:38  Orbital Command  
  20  1:45  Reaper  
  21  1:58  Reaper  
  22  2:04  SCV  
  22  2:07  Factory  
  23  2:16  SCV  
  23  2:17  Reaper  
  25  2:28  SCV  
  25  2:31  Reaper  
  26  2:44  Command Center  
  26  2:50  Hellion  
  28  2:57  Reaper  
  28  2:58  SCV  
  30  3:04  Reaper, Supply Depot  
  31  3:11  SCV  
  31  3:20  Starport  
  31  3:25  SCV  
  31  3:26  Hellion  
  34  3:29  Reaper  
  34  3:38  SCV, Reaper  
  36  3:47  Factory Tech Lab  
  35  3:55  Orbital Command  
  35  3:57  SCV  
  35  3:58  Starport Tech Lab  
  35  3:59  Refinery  
  36  4:09  SCV  
  37  4:13  Cyclone  
  38  4:17  Marine  
  38  4:18  Marine  
  38  4:21  SCV x2  
  38  4:23  Supply Depot  
  42  4:33  SCV x2, Supply Depot  
  42  4:37  Marine x2  
  46  4:41  Raven  
  46  4:45  SCV  
  47  4:53  Cyclone  
  47  4:54  SCV, Marine  
  47  4:57  SCV  
  47  4:58  Marine  
  54  5:09  SCV  
  54  5:12  Command Center  
  54  5:13  SCV  
  56  5:16  Marine  
  56  5:18  Raven  
  56  5:19  Supply Depot  
  56  5:20  Marine  
  56  5:21  SCV  
  61  5:25  SCV  
  62  5:31  Siege Tank  
  62  5:33  Marine  
  65  5:38  Marine  
  65  5:40  SCV  
  58  5:46  Barracks, Supply Depot  
  58  5:47  SCV  
  59  5:53  Raven, SCV  
  59  5:56  Marine  
  63  5:59  SCV, Barracks Reactor  
  63  6:01  Refinery  
  64  6:05  SCV  
  65  6:11  SCV  
  65  6:14  Barracks, Marine, Siege Tank  
  65  6:16  Supply Depot  
  70  6:20  SCV  
  70  6:24  Orbital Command  
  71  6:26  SCV  
  71  6:32  SCV  
  73  6:36  Marine  
  73  6:38  SCV  
  75  6:40  Viking x2  
  75  6:45  Stimpack, Marine  
  80  6:47  Marine  
  80  6:49  SCV  
  80  6:51  SCV  
  83  6:55  Supply Depot  
  83  6:57  Orbital Command, Siege Tank  
  86  7:03  Engineering Bay  
  86  7:04  Barracks Tech Lab  
  86  7:05  Engineering Bay, Barracks Reactor  
  86  7:06  Marine x2  
  88  7:09  SCV  
  88  7:10  SCV  
  88  7:14  Viking  
  92  7:19  Supply Depot  
  92  7:21  SCV  
  92  7:22  SCV x2  
  95  7:24  Marine  
  95  7:28  Marine x2  
  95  7:29  Siege Tank  
  101  7:33  SCV  
  101  7:34  SCV, Missile Turret  
  101  7:36  SCV, Missile Turret  
  104  7:38  Terran Infantry Armor Level 1  
  104  7:42  Terran Infantry Weapons Level 1  
  103  7:45  Marine, Missile Turret  
  103  7:46  SCV  
  103  7:47  Marine  
  103  7:48  SCV  
  103  7:50  Combat Shield  
  107  7:52  Barracks Tech Lab  
  107  7:53  SCV  
  107  7:55  Marauder  
  107  7:58  SCV, Medivac  
  111  8:02  Supply Depot  
  111  8:03  Marauder  
  111  8:04  SCV  
  116  8:07  Marine x2  
  116  8:10  SCV  
  116  8:12  Refinery  
  119  8:13  Refinery  
  119  8:16  Marauder, Supply Depot  
  123  8:20  Marauder  
  123  8:24  Marauder, Supply Depot  
  123  8:25  Concussive Shells, Siege Tank  
  123  8:26  SCV  
  129  8:27  SCV  
  129  8:28  SCV  
  129  8:29  Marine  
  129  8:30  Marine  
  133  8:35  Supply Depot  
  133  8:37  Viking  
  133  8:39  Viking  
  133  8:40  SCV  
  138  8:43  Marauder  
  138  8:48  Marauder x2  
  144  8:49  Supply Depot  
  144  8:52  Marine x2  
  146  9:04  Marauder, Supply Depot  
  146  9:07  Viking  
  146  9:09  Viking  
  152  9:10  Command Center  
  152  9:14  Marine x2, Marauder  
  156  9:18  Supply Depot  
  156  9:19  Siege Tank  
  156  9:21  Marauder  
  161  9:28  Starport  
  161  9:30  Marauder  
  163  9:31  Marine  
  163  9:36  Marauder  
  152  9:41  Marine  
Show
View Real Time Build Order
Export as new Build Order

gumiho Terran 

Build Orders: Hellion Banshee 

Get SALT Encoding   

  12  0:00  SCV  
  13  0:12  SCV  
  14  0:17  Supply Depot  
  14  0:24  SCV  
  15  0:38  SCV  
  15  0:40  Barracks  
  16  0:43  Refinery  
  16  0:50  SCV  
  16  0:52  Refinery  
  17  1:02  SCV  
  18  1:15  SCV  
  19  1:27  Orbital Command, Reaper  
  19  1:30  Supply Depot  
  20  1:40  Factory  
  20  1:52  SCV  
  21  1:59  Reaper  
  22  2:04  SCV  
  23  2:15  Command Center  
  23  2:19  SCV  
  24  2:24  Hellion  
  26  2:31  SCV  
  26  2:32  Reaper  
  27  2:37  Supply Depot  
  27  2:43  SCV  
  28  2:46  Hellion  
  30  2:55  Starport  
  30  2:56  SCV  
  30  3:07  Hellion  
  30  3:09  SCV  
  30  3:10  Marine  
  33  3:21  SCV, Supply Depot  
  34  3:28  Marine  
  34  3:29  Hellion  
  31  3:42  SCV  
  31  3:44  Starport Tech Lab  
  31  3:46  Marine  
  30  3:50  Hellion  
  30  3:54  SCV  
  33  4:02  Cloaking Field, Banshee  
  33  4:05  Marine  
  33  4:06  SCV  
  38  4:12  Hellion  
  40  4:18  SCV  
  40  4:20  Command Center  
  41  4:26  Barracks Reactor  
  41  4:30  SCV  
  42  4:34  Factory Tech Lab  
  42  4:45  Banshee  
  41  4:52  SCV  
  41  4:55  Siege Tank  
  41  4:57  Command Center  
  44  5:00  Hyperflight Rotors  
  44  5:05  SCV  
  45  5:17  SCV  
  46  5:38  Siege Tank  
  45  5:45  SCV  
  46  5:55  Banshee, Refinery  
  49  5:57  SCV  
  49  5:59  Orbital Command, Refinery  
  50  6:05  Marine  
  50  6:06  Marine  
  50  6:09  SCV  
  50  6:11  Orbital Command  
  53  6:14  Siege Tank  
  56  6:22  SCV  
  56  6:23  Marine x2  
  59  6:25  Factory  
  59  6:27  SCV  
  59  6:31  Supply Depot  
  58  6:34  SCV  
  58  6:38  SCV  
  58  6:39  SCV  
  61  6:43  Banshee  
  61  6:46  SCV  
  65  6:48  Supply Depot  
  65  6:50  SCV, Siege Tank  
  65  6:53  SCV  
  70  6:58  SCV  
  70  7:00  Engineering Bay  
  71  7:02  SCV  
  71  7:06  SCV  
  73  7:10  SCV  
  73  7:12  Starport  
  73  7:13  Orbital Command  
  73  7:15  Factory Tech Lab  
  75  7:19  SCV  
  75  7:22  SCV  
  75  7:31  SCV  
  75  7:33  Missile Turret  
  75  7:34  SCV  
  77  7:39  Siege Tank  
  77  7:40  Siege Tank  
  77  7:41  Viking  
  77  7:42  Viking  
  77  7:43  SCV x2  
  89  7:46  SCV, Refinery  
  89  7:48  Missile Turret  
  89  7:53  Missile Turret  
  89  7:55  SCV x2  
  91  8:03  Missile Turret  
  92  8:08  Viking  
  92  8:09  Supply Depot x2  
  93  8:14  Supply Depot  
  93  8:18  Viking x2  
  97  8:21  Refinery, Siege Tank  
  100  8:30  Siege Tank  
  100  8:32  Missile Turret  
  100  8:33  SCV x3  
  106  8:40  Viking  
  108  8:45  SCV x3  
  111  8:48  Viking  
  111  8:50  Viking  
  114  9:01  Supply Depot  
  114  9:04  SCV  
  114  9:05  SCV  
  116  9:10  Viking, Supply Depot x2, Factory  
  116  9:13  Siege Tank  
  121  9:17  SCV x2  
  121  9:19  SCV  
  124  9:25  Viking  
Tags
 
Add a new tag
Caveats
  • Supply blocks, unpowered buildings, or Contaminate may cause inaccurate times.
  • Supply counts are checked every 10 seconds.